[Event "Tata Steel-A 80th"]
[Site "Wijk aan Zee"]
[Date "2018.01.24"]
[Round "10"]
[White "Kramnik, Vladimir"]
[Black "Matlakov, Maxim"]
[Result "1-0"]
[ECO "C54"]
[WhiteElo "2787"]
[BlackElo "2718"]
[Annotator "Fernandez,D"]
[PlyCount "77"]
[EventDate "2018.01.13"]
[EventType "tourn"]
[EventRounds "13"]
[EventCountry "NED"]
[EventCategory "20"]
[SourceTitle "CBM 183"]
[Source "ChessBase"]
[SourceDate "2018.03.14"]
[SourceVersion "1"]
[SourceVersionDate "2018.03.14"]
[SourceQuality "1"]
[TimeControl "40/6000+30:20/3000+30:900+30"]

1. e4 e5 2. Nf3 Nc6 3. Bc4 Bc5 4. c3 Nf6 5. d3 O-O 6. Bg5 {[%emt 0:00:26] Opting, oddly enough, for a
similar strategy to the one Anand used against Matlakov in the first round,
despite that opening beginning with 3.Bb5. Here it seems like the immediate
idea is probably to prevent Black using a setup with ...d5.} h6 7. Bh4 Be7 (7... g5 {led to a draw in a
recent high-profile game.} 8. Bg3 d6 9. a4 a6 10. Qd2 Nh5 11. h4 Nxg3 12. fxg3
g4 13. Qxh6 gxf3 14. Qg6+ Kh8 15. Qh6+ Kg8 16. Qg6+ Kh8 $11 {Vachier Lagrave,
M-Karjakin,S Paris 2017}) 8. Nbd2 d6 (8...
Na5 $5 {is not a completely pointless gambit:} 9. Nxe5 Nxc4 10. Nexc4 (10. dxc4
Nxe4 $15) 10... d5 11. Ne3 dxe4 12. Bxf6 Bxf6 13. Nxe4 Be7 $132 {With two
bishops for two knights and a pawn, Black has very reasonable counterplay,
analogous perhaps to the Gajewski line of the Ruy Lopez.}) 9. Bb3 (9. a4 {was faced by Kramnik himself from the other side of the board
recently.} Nh5 10. Bg3 Nxg3 (10... Nb8 $5 {could have been played immediately,
not giving White the needed clarity on what is happening on the h-file.} 11.
Nf1 (11. Nxe5 {is obvious, but following} Nxg3 12. Nxf7 Rxf7 13. hxg3 Qf8 $13 {
White will soon have nothing better than to enter a double-edged material
balance of two pawns plus rook against two bishops, which probably should
ultimately favour the bishops.}) 11... c6 12. Ne3 Nd7 $11 {Playing for ...Ndf6
and ...d5. White should probably castle short, but the moment he does that, he
will no longer ever use the h-file.}) 11. hxg3 Nb8 12. Nf1 c6 13. Ne3 Na6 14.
g4 (14. Bxa6 bxa6 15. d4 $14) 14... Nc7 $11 {Vachier Lagrave,M-Kramnik,V
Leuven 2017, Following a slightly complicated opening battle Black had
equalised.}) 9... Nh5 (9... Na5 10. Bc2 c5 $132 {is another
standard plan, and Black will probably continue with ...Be6, ...Nc6 and
consider ...d5.}) 10. Bxe7 Qxe7 11. Nc4 Qf6 {[%emt 0:09:14] Telegraphing a kingside attack rather
clearly, but this then prompts White's overreaction.} (11... Be6 12. Ne3 Nf6 {
was solid in Baramidze, D-Fressinet,L Germany 2009.}) 12. Ne3 Nf4 13. Bc2 (13. O-O {followed by g3 could
have been one way to go.} Ne7 14. d4 g5 15. g3 $132) 13... Ne7 14. g3 Nh3 15. Qe2 {[%emt 0:01:29] Now we
can see what Kramnik is playing for: a sharp opposite-side castling position.}
c5 16. O-O-O (16. Ng1 $11 {or something was
technically still legal, but who plays chess like this?}) 16... Be6 17. d4 (17. Kb1 $5 {is almost always useful
preparation, and that holds here too.} Rfc8 18. d4 cxd4 19. cxd4 $132) 17...
cxd4 18. cxd4 Rac8 {[%emt 0:03:50] Missing a
chance.} (18... Bxa2 $5 {is possible here according to the machines, and it
seems to get an edge! The critical line is} 19. b3 a5 20. Kb2 $6 a4 21. Kxa2 $2
axb3+ 22. Kxb3 d5 $19) 19. Kb1 Rc7 (19...
Rxc2 {was another noteworthy chance, though not obvious if you're not looking
for it. The point is the non-trivial} 20. Kxc2 $6 Qg6 $3 $17) 20. Rd2 Rfc8 21. dxe5 dxe5 22. Rhd1 {[%emt 0:00:25] Now everything is under control, and just like in
Anand-Matlakov from round 1, the position is just easier for White, even if
not actually better.} g6 (22... b5 $5 {is a little bit faster.
}) 23. Rd6 Rc6 24. Bb3 Rf8
$2 (24... Rxd6 25. Rxd6 h5 {survives according to the machine,
but White is definitely significantly better after even the simple} 26. a3 $36)
25. R1d3 $2 ({If I had to guess I would say Black's last move
was based on using the f-file after} 25. Bxe6 {but neither order quite works:}
Rxd6 (25... fxe6 26. Rd8 $1 $16) 26. Bxh3 $1 $18 (26. Rxd6 fxe6 $14)) 25...
Rfc8 26. Rd1 Rf8 27. a3 {
[%emt 0:01:12] Missing the same idea again.} h5 {[%emt 0:05:04] It is
generally useful to avoid Ng4 motifs.} 28. Bxe6 fxe6 29. Rd7 Nc8 $2 (29... Qxf3 30. Qxf3
Rxf3 31. Rxe7 Rf7 {almost equalises, and so should be preferred.}) 30. Nc4 (30. Nh4 $16 {is another option, cuing up interesting Nd5
ideas.}) 30... Nxf2 31. Ncxe5 {[%emt 0:02:51] An alluring and
practically tricky option, but not objectively best.} (31. Rf1 $5 Rxc4 32. Rxf2
{leaves Black with bizarrely few options against Qe3-h6. The only move is} Rd4
$8 {but now if nothing else White acheives a large advantage with} 33. Nxd4
Qxf2 34. Qxf2 Rxf2 35. Nxe6 Rxh2 36. Rxb7 $16) 31... Nxd1 32.
Qxd1 Rc5 (32... Rb6 33. Qd2 g5 $11 {is the
machine defence.}) 33. Qd4 {[%emt 0:00:52] This is now practically impossible
to defend, but the errors understandably continue from both sides.} Nb6 (33... Rb5 34. Rc7 {might look like a lethal battery, but
Black can execute the text move now:} Nb6 $14 {and Black has gained a tempo
over the text.}) 34. Rxb7 Rb5 35. Rxa7 Rd8 36. Qc3 (36. Rf7 $3 $16) 36... Rc8 (36... Nd7 $3 $132) 37. Rc7 {No further accidents.} Rd8 38. Qc6 Rb3 (38... Rxe5 39. Nxe5 Qxe5 40.
Qxb6 Qxe4+ 41. Ka2 Qd5+ 42. Qb3 $16 {is basically over too.}) 39. Rf7 $1 {
Enough to force resignation even if this was a time scramble.} (39. Rf7 $1 Qxf7 40. Nxf7 Kxf7 41. Ng5+ {wins a rook with the next check.})
1-0

[Event "Tata Steel-A 80th"]
[Site "Wijk aan Zee"]
[Date "2018.01.24"]
[Round "10"]
[White "Svidler, Peter"]
[Black "Mamedyarov, Shakhriyar"]
[Result "0-1"]
[ECO "D38"]
[WhiteElo "2768"]
[BlackElo "2804"]
[Annotator "Fernandez,D"]
[PlyCount "42"]
[EventDate "2018.01.13"]
[EventType "tourn"]
[EventRounds "13"]
[EventCountry "NED"]
[EventCategory "20"]
[SourceTitle "CBM 183"]
[Source "ChessBase"]
[SourceDate "2018.03.14"]
[SourceVersion "1"]
[SourceVersionDate "2018.03.14"]
[SourceQuality "1"]
[TimeControl "40/6000+30:20/3000+30:900+30"]

1. c4 Nf6 2. Nf3 e6 3. Nc3 d5 4. d4 Bb4 {The Ragozin: known to me as the
opening which won Jonathan Hawkins his first British national title.} 5. cxd5 {
5.Bg5 and 5.e3 are also played.} exd5 6. Bf4 (6. Bg5 {is the main move, and
after} h6 7. Bh4 c5 {the current fashion is for the ambitious} 8. dxc5 $5) 6...
Ne4 7. Qa4+ {A second minor move in a row by Peter Svidler lands him not in
completely new territory but certainly in slight danger.} (7. Rc1 {was a more
solid move in an obvious ideological precedent.} Nc6 8. Nd2 g5 9. Be3 Nxc3 10.
bxc3 Bd6 $132 {Svane,R-Socko,B Germany 2016}) 7... Nc6 8. Rc1 O-O 9. g3 (9. h4
{was necessary if a little uncomfortable. There could follow} Bg4 10. e3 Qe7
11. Be2 $11) (9. e3 g5 10. Bg3 h5 11. h4 g4 12. Ne5 Bxc3+ 13. Rxc3 (13. bxc3
Nxg3 14. fxg3 Qe7 $17) 13... Nxc3 14. bxc3 Nxe5 15. Bxe5 Bf5 $15 {Ermenkov,
E-Shyam,S Albena 2015}) 9... g5 10. Be3 f5 (10... Bxc3+ 11. bxc3 f5 {was a
marginally more precise order.}) 11. Bg2 {Kind of a wasted move since White
will never get to castle.} (11. Bd2 $5 Bxc3 12. Bxc3 {was an additional option
granted by Black's last.}) 11... f4 12. gxf4 (12. Bd2 {can be met in various ways, including} g4 13. Ne5 Bxc3 14. bxc3 Nxd2
15. Kxd2 Nxe5 16. dxe5 fxg3 $15) 12... Bxc3+ 13. bxc3 gxf4 14. Bd2 Kh8 $1 $17 {
[%emt 0:03:03] The absolute best move. After less than 15 moves White has no
castling prospects and is close to lost.} 15. Qb3 $2 {[%emt 0:35:15] Not
helping.} (15. Rg1 Be6 16. Bf1 {is one way of trying to get belated
counterplay.}) ({After} 15. O-O Qf6 $1 {White will be unable to form a
coherent defence against doubling on the g-file.}) 15... Na5 {[%emt 0:03:05]
Unfortunately, this natural move gains a great many tempi.} 16. Qc2 Nc4 {[%emt 0:00:47] The obvious threat is ...Bg4 trapping the
d2-bishop, but there are others.} 17. Rd1 Rg8 (17... Qe7 {is most favoured by machines, which want to continue ...Bf5 and ...
Rae8, but it is much of a muchness by now.}) 18. Ne5 Nxe5 19. Bxe4 Qg5 (19... dxe4 20.
Bxf4 Ng6 21. Bg3 {is also dead, but the game might last a bit longer since
White has a good bishop.}) 20. Bxf4 Qxf4 21.
Bxd5 Bf5 $1 {[%emt 0:00:28] It's a clear piece and maybe even
more. A shame that Svidler was not able to demonstrate his usual good chess
today.} 0-1

[Event "Tata Steel-A 80th"]
[Site "Wijk aan Zee"]
[Date "2018.01.26"]
[Round "11"]
[White "Adhiban, Baskaran"]
[Black "Wei, Yi"]
[Result "1/2-1/2"]
[ECO "A37"]
[WhiteElo "2655"]
[BlackElo "2743"]
[PlyCount "41"]
[EventDate "2018.01.13"]
[EventType "tourn"]
[EventRounds "13"]
[EventCountry "NED"]
[EventCategory "20"]
[SourceTitle "CBM 183"]
[Source "ChessBase"]
[SourceDate "2018.03.14"]
[SourceVersion "1"]
[SourceVersionDate "2018.03.14"]
[SourceQuality "1"]
[TimeControl "40/6000+30:20/3000+30:900+30"]

1. c4 c5 2. Nc3 g6 3. Nf3 Bg7 4. g3 Nc6 5. Bg2 e5 6. d3 Nge7 7. Nd2 d6 8. Nf1 a6 9. Bg5 Rb8 10. a4 Be6 11. Bxe7 Nxe7 12. Ne3 h5 13. h4 O-O 14. Ned5 Nc6 15.
e3 a5 16. O-O Nb4 17. Qd2 Qd7 18. Nxb4 cxb4 19. Ne4 Kh8 20. Ng5 Rbe8 21. Nxe6 1/2-1/2

[Event "Tata Steel-A 80th"]
[Site "Wijk aan Zee"]
[Date "2018.01.26"]
[Round "11"]
[White "Anand, Viswanathan"]
[Black "Hou, Yifan"]
[Result "1-0"]
[ECO "D35"]
[WhiteElo "2767"]
[BlackElo "2680"]
[Annotator "Fernandez,D"]
[PlyCount "65"]
[EventDate "2018.01.13"]
[EventType "tourn"]
[EventRounds "13"]
[EventCountry "NED"]
[EventCategory "20"]
[SourceTitle "CBM 183"]
[Source "ChessBase"]
[SourceDate "2018.03.14"]
[SourceVersion "1"]
[SourceVersionDate "2018.03.14"]
[SourceQuality "1"]
[TimeControl "40/6000+30:20/3000+30:900+30"]

1. c4 e6 2. Nc3 d5 3. d4 Nf6 4. cxd5 Nxd5 $5 {[%emt 0:00:05] Clearly Hou Yifan was not in the mood to face a
minority attack today. Although this move has been played by a lot of good
players, it is unquestionably a secondary one. According to the current state
of top level praxis the line is playable, but very few people do it correctly,
especially from the black side!} 5. e4 Nxc3 6. bxc3 c5 7. Rb1 Be7 8. Nf3 O-O 9. Bc4 Nc6 (9... Qc7 {leads us to a veritable minefield of
top games:} 10. Qe2 a6 11. O-O (11. a4 cxd4 12. cxd4 Bd7 $11 {Matlakov,
M-Aronian,L Tbilisi 2017, might objectively equalise, but that didn't stop
Black being annihlated in a 'modern attacking classic'.}) 11... b5 12. Bd3 Nd7
$1 (12... Bb7 $6 13. a4 $1 bxa4 $2 14. Bf4 {left Black virtually lost already
in Carlsen, M-So,W chess.com INT 2017}) 13. a4 (13. h4 e5 14. h5 h6 $11 {
Navara,D-Dominguez Perez,L Saint Louis 2017}) 13... bxa4 14. g3 $13 {The
position is easier to play for White, but obviously far from clear.}) 10. O-O b6 11. Be3 (11. d5 Na5 12.
Bd3 c4 13. Bc2 exd5 14. exd5 Bb7 $11 {Svidler,P-Hou,Y Geneve 2017; probably
equalised for Black in her previous outing with the line.}) 11... Bb7 12. Qe2 cxd4 (12... Qc7 $5 13. d5 (
13. Ba6 {is White's most obvious idea, but there is a concrete remedy:} cxd4
14. cxd4 Nb4 $1 15. Bxb7 Qxb7 $132 {and White's centre continues to come under
fire.}) 13... Na5 14. dxe6 Nxc4 15. Qxc4 fxe6 16. Qxe6+ Kh8 $44) 13. cxd4 Rc8 14. Rfd1 Qc7 15. d5 Ne5 (15... exd5 16. exd5 Ne5 17.
Bb3 Nxf3+ 18. Qxf3 Bd6 $132 {Navara,D-Dominguez Perez,L Saint Louis 2017}) 16.
Bb5 (16. Nxe5 Qxe5 17. f3 $14) 16... exd5 17.
exd5 Nxf3+ (17... Rfd8 18. Rbc1 Qb8 {is
apparently still nail-biting equality}) 18. Qxf3 $14 {[%emt 0:00:17] Certainly
by contrast to Navara-Dominguez above the bishop on b5 poses Black some extra
problems, connected with Rbc1 and Bc6.} Bc5 19. Rbc1 Qe7 20. Bf4 Bd6 21.
Bc6 {[%emt 0:00:48] That's just it. Now Black has to go into a bit of a huddle,
and Anand's technique has been his strong point in this event.} Bxf4 (21... Ba8 {still kept White's advantage to a minimum by making him
work for every extra pawn advance}) 22. Qxf4 Bxc6 23. dxc6 Qc7 24. Rd6 $18 {[%emt 0:09:39]
The forcing continuations get nowhere, so White just improves. The obvious
follow-up is to play the queen to d5 and try for Rd7.} Rcd8 25. Rcd1 h6 26. g3 Rxd6 ({It is interesting to note the tactical point White basically
has to use if Black sits tight:} 26... Rc8 27. Qc4 Kh8 28. Qd5 Kg8 29. a4 Kh8
30. Kg2 (30. Rc1 $2 Rfd8 $14) 30... Kg8 31. h4 {Or, I suppose, just Rc1 now.}
Kh8 32. Rd4 Kg8 33. Rc4 Rfd8 34. Rd7 $1 $18) 27. Rxd6 Rc8 28. Qe5 b5 29. Qd5 Kh7 30. Qe4+ Kg8 31.
Rd7 {[%emt 0:00:24] Another neat tactical point, but if not this, then
something else would have worked.} Qa5 32. c7 Rf8 33. Qe7 {[%emt 0:00:29] Mate cannot be far away.} 1-0

[Event "Tata Steel-A 80th"]
[Site "Wijk aan Zee"]
[Date "2018.01.26"]
[Round "11"]
[White "Caruana, Fabiano"]
[Black "Giri, Anish"]
[Result "1/2-1/2"]
[ECO "D02"]
[WhiteElo "2811"]
[BlackElo "2752"]
[Annotator "Fernandez,D"]
[PlyCount "87"]
[EventDate "2018.01.13"]
[EventType "tourn"]
[EventRounds "13"]
[EventCountry "NED"]
[EventCategory "20"]
[SourceTitle "CBM 183"]
[Source "ChessBase"]
[SourceDate "2018.03.14"]
[SourceVersion "1"]
[SourceVersionDate "2018.03.14"]
[SourceQuality "1"]
[TimeControl "40/6000+30:20/3000+30:900+30"]

1. d4 d5 2. Nf3 Nf6 3. Bf4 Bf5 4. e3 e6 5. Nbd2 ({For some reason Caruana
didn't feel like trying to emulate Carlsen's} 5. c4 $5) 5... Bd6 6. Ne5 (6. Bg3 {is the more 'true Londoner' move, but
after say} O-O 7. Be2 c5 8. c3 Nc6 $11 {it is immediately obvious that White
has nothing}) 6... h6 7. g4 $5 $146 Bh7 (7... Bxe5 $5 {is fascinating:} 8. dxe5 Bxg4 9. f3 Nh5 10. fxg4
Nxf4 11. exf4 Qh4+ 12. Ke2 Qxg4+ {but it seems like White probably has an edge
with the solid} 13. Nf3 Qxf4 14. Qd2 $14 {when the piece marginally
outperforms the three pawns.}) 8. h4 Ne4 (
8... Nfd7 9. Nxd7 Qxd7 $132 {could eventually leave White feeling a bit
over-extended; for subtle structural reasons Black should recapture on d6 with
the pawn!}) 9. Nxe4 Bxe4 10. f3 Bh7 11. Bd3 (11. Qd2 Nd7 12. O-O-O {
might still keep things a bit fresh, as the prospect of a good bishop versus
bad bishop endgame weighs slightly on Black's mind.}) 11... Bxd3 12. Qxd3 Nd7 {[%emt 0:07:05] Solid and good for equality.
} 13. O-O-O Bxe5 $5 (13... Qe7 14. h5 O-O-O
$11) 14. dxe5 Qe7 15. e4 dxe4 (15... c6 {could be interesting, keeping open the option
of short castling, but I suspect Black rejected this due to the possibility of
c4 + Qd6 turning out to be a textbook 'incisive continuation'.}) 16. Qxe4 O-O-O 17. g5 hxg5 18. Bxg5 f6 19. exf6 Nxf6 20. Qe5 Qf7 21. Rhe1 (21. b3 {might improve slightly, not giving away any tempi,
and the cat-and-mouse could continue:} b6 22. Kb2 Rhf8 23. Rxd8+ Rxd8 24. Qe2
$14) 21... Rxd1+ 22. Rxd1 b6 23. b3 Kb8 24. Kb2 Nh7 25. Bf4 (25. f4 $14 {was a logical human
continuation}) 25... Nf6 26. Bg5 Nh7 27. Bf4 Nf6 28. Qd4 Kb7 (28... Nd5 29. Be5 Qxf3 $11) 29. Be5 Rh5 30. Rg1 Rf5 31. f4 g6 32. Rd1 (32. Qc4 {
was an interesting tactical idea, hinting at an overloading of the black queen,
and then} Nd5 33. Qe4 $36 {could be genuinely unpleasant}) 32... Qe7 33. Qc3 $6 {[%emt 0:04:57] This loses the advantage.} Nd5 {[%emt 0:00:
53] Possibly White had thought Qg3 was good, but missed the tactical idea of ..
.Nxf4. Black has now equalised again.} 34. Qf3 Kb8 35. Qe4 Qxh4 {[%emt 0:04:15] Now the most White can
do is take on g6, which implies a trade of pieces, and then there will be
nothing left with which to win.} 36. Rd2 Qe7 37. Rh2 Rf8 38. Rh6 Rg8 39. Rxg6 Rxg6 40. Qxg6 Qd7 41. Qd3 Kc8 42. a4 Nb4 43. Qe4 Nc6 44. Bc3 1/2-1/2

[Event "Tata Steel-A 80th"]
[Site "Wijk aan Zee"]
[Date "2018.01.26"]
[Round "11"]
[White "Mamedyarov, Shakhriyar"]
[Black "Carlsen, Magnus"]
[Result "1/2-1/2"]
[ECO "E34"]
[WhiteElo "2804"]
[BlackElo "2834"]
[Annotator "Fernandez,D"]
[PlyCount "75"]
[EventDate "2018.01.13"]
[EventType "tourn"]
[EventRounds "13"]
[EventCountry "NED"]
[EventCategory "20"]
[SourceTitle "CBM 183"]
[Source "ChessBase"]
[SourceDate "2018.03.14"]
[SourceVersion "1"]
[SourceVersionDate "2018.03.14"]
[SourceQuality "1"]
[TimeControl "40/6000+30:20/3000+30:900+30"]

1. d4 Nf6 2. c4 e6 3. Nc3 Bb4 4. Qc2 d5 5. cxd5 (5. a3 Bxc3+ 6. Qxc3 {is another big
main line, e.g.} O-O 7. Nf3 dxc4 8. Qxc4 b6 9. Bg5 $11 {, which was the path
followed by Ivanchuk,V-Harikrishna,P Huaian 2017}) 5... Qxd5 6. e3 (6. Nf3 Qf5 $1 $11 {has now become famous, and after
some wrangling it has become clear that only Black can actually have a
positional edge in the endgame, despite his doubled f-pawns!}) 6... c5 7. Bd2 Bxc3 8. Bxc3 cxd4 9. Bxd4 Nc6 10.
Bc3 (10. Bxf6 gxf6 11. Ne2 {is the initial computer
recommendation, but this really isn't that good after say} Bd7 12. a3 Qa5+ 13.
Nc3 Ne7 $11 {Dreev,A -Fedoseev,V Moscow 2014}) 10... O-O 11.
Nf3 Rd8 {[%emt 0:18:24] Else Rd1 is slightly annoying.} 12.
Be2 (12. Rd1 Qxd1+ 13. Qxd1 Rxd1+ 14. Kxd1 Ne4 15. Be1 e5 $11
{is another equal position, where White's bishop pair isn't yet active enough
to give him any advantage.}) 12... Qe4 13. Rc1 Qxc2 14. Rxc2 Nd5 (14...
Bd7 15. Nd4 Ne7 $11 {could be worth considering for the future; White's bishop
pair is a lot less scary when there is an extra pair of knights on the board.})
15. Ne5 Bd7 {[%emt 0:03:44] This is the novelty!} (15... Nxe5
16. Bxe5 b6 17. a3 f6 18. Bg3 Bb7 19. O-O Rac8 20. Rfc1 e5 21. Rxc8 Rxc8 22.
Rxc8+ Bxc8 23. Kf1 {Grachev,B-Karjakin,S Antalya 2017. This somehow led to one
of the world's best defensive players being ground down; the problem is that
White can keep trying things and never runs any risk at all.}) 16. Nxc6 Bxc6 17. Bd2 Ne7 18. f3 Rac8 19. e4 (19.
Ba5 $5 b6 20. Bb4 Nd5 21. Bd2 $14 {prevents Black from playing ... a6 and ...
Bb5.}) 19... f6 20. Be3 a6 21. Kf2 (21. Bc4 $5 Kf7 22. Bb3 Bb5 23. Kf2 {and we can still
talk about a White edge based on the bishop pair.}) 21... Bb5 $1 {[%emt 0:01:
00] Black has equalised again.} 22. Rhc1 Rxc2 23. Rxc2 Bxe2 24. Kxe2 Nc6
$11 {[%emt 0:00:28] There is nothing really left to play for. Black can choose
between an ...e5 based plan, and a rook-exchange based plan.} 25. b4 Rc8 26. Rc5 b5 27.
f4 Kf7 28. a3 Ne7 29. Rxc8 Nxc8 30. Bc5 Ne7 31. Bxe7 Kxe7 32. Kf3 Kd6 33. Ke3 e5 34. f5 Ke7 35. g4 Kf7 36. h4 Kg8 37. Kf3 h6 38. h5 1/2-1/2

[Event "Tata Steel-A 80th"]
[Site "Wijk aan Zee"]
[Date "2018.01.26"]
[Round "11"]
[White "Matlakov, Maxim"]
[Black "Svidler, Peter"]
[Result "1/2-1/2"]
[ECO "A33"]
[WhiteElo "2718"]
[BlackElo "2768"]
[PlyCount "54"]
[EventDate "2018.01.13"]
[EventType "tourn"]
[EventRounds "13"]
[EventCountry "NED"]
[EventCategory "20"]
[SourceTitle "CBM 183"]
[Source "ChessBase"]
[SourceDate "2018.03.14"]
[SourceVersion "1"]
[SourceVersionDate "2018.03.14"]
[SourceQuality "1"]
[TimeControl "40/6000+30:20/3000+30:900+30"]

1. c4 c5 2. Nf3 Nc6 3. d4 cxd4 4. Nxd4 Nf6 5. Nc3 e6 6. a3 Bc5 7. Nb3 Bb6 8. c5 Bc7 9. g3 O-O 10. Bg2 b6 11. O-O Be5 12. a4 bxc5 13.
Nxc5 d5 14. e4 Rb8 15. exd5 Nxd5 16. Nxd5 exd5 17. Qxd5 Qxd5 18.
Bxd5 Nd4 19. Be3 Bh3 20. Bg2 Bxg2 21. Kxg2 Nc2 22. Nd7 Nxe3+ 23. fxe3 Rxb2+ 24. Kf3 Re8 25. Nxe5 Rxe5 26.
Rab1 Rxb1 27. Rxb1 f6 1/2-1/2